Map: [ESL] Dragon Scales

Players

PiG - Winner!

  • Race: Terran Terran
  • League: Master
  • Spawn Location: 11:00

Lonk

  • Race: Zerg Zerg
  • League: Platinum
  • Spawn Location: 5:00

VOD

https://www.youtube.com/playlist?list=PLOrKQEirgvjBrkg_LERyoNc_WYX2C2tgI

Description

Time

  • Played on: Aug. 15, 2023, 9:13 p.m.
  • Length: 10:44
Show
View Real Time Build Order
Export as new Build Order

PiG Terran - Winner!

Build Orders:  

Get SALT Encoding   

  12  0:00  SCV  
  13  0:12  SCV  
  14  0:17  Supply Depot  
  14  0:24  SCV  
  15  0:39  SCV  
  15  0:40  Barracks  
  16  0:44  Refinery  
  16  0:51  SCV  
  17  1:03  SCV  
  18  1:15  SCV  
  19  1:27  Orbital Command  
  19  1:30  Barracks Reactor  
  19  1:40  Command Center  
  19  1:51  Supply Depot  
  19  1:54  SCV  
  20  2:06  SCV  
  21  2:08  Marine x2  
  23  2:15  Factory  
  23  2:18  SCV  
  24  2:23  Refinery  
  24  2:28  Bunker  
  24  2:30  SCV  
  24  2:33  Marine  
  24  2:36  Marine  
  27  2:42  SCV  
  28  2:54  Marine, SCV  
  28  2:55  Marine  
  30  3:03  Orbital Command  
  30  3:06  SCV  
  31  3:16  Bunker  
  31  3:18  SCV  
  31  3:19  Marine x2  
  34  3:20  Factory Tech Lab  
  34  3:23  Starport  
  34  3:30  SCV x2  
  36  3:37  Marine x2  
  38  3:41  Supply Depot  
  38  3:42  SCV  
  38  3:43  SCV  
  38  3:44  Siege Tank  
  43  3:54  Marine, SCV  
  43  3:55  SCV  
  46  4:00  Supply Depot  
  46  4:05  Supply Depot  
  46  4:07  SCV  
  47  4:12  SCV  
  47  4:16  Marine x2  
  50  4:17  Viking  
  50  4:19  SCV  
  53  4:24  SCV  
  53  4:31  SCV  
  55  4:36  SCV  
  56  4:43  SCV  
  56  4:44  Marine x2  
  59  4:49  SCV  
  60  4:55  Factory Reactor, SCV  
  60  4:56  Starport Reactor  
  61  5:07  Barracks  
  61  5:09  SCV x2  
  61  5:10  Barracks, Marine  
  61  5:11  Barracks, Marine  
  61  5:12  Barracks  
  61  5:13  Supply Depot  
  64  5:16  Supply Depot  
  64  5:21  SCV x2  
  65  5:31  Refinery  
  65  5:32  Refinery, Engineering Bay  
  65  5:37  SCV  
  65  5:40  Marine x2  
  68  5:53  Factory Tech Lab  
  68  5:56  Starport Reactor  
  67  6:11  Barracks Tech Lab  
  67  6:16  Marauder, Marine x2  
  67  6:18  Marine x4  
  73  6:20  Siege Tank  
  78  6:26  Supply Depot  
  78  6:28  Supply Depot  
  78  6:34  Marine x2  
  78  6:35  Terran Infantry Weapons Level 1  
  78  6:36  Marine x3  
  74  6:50  Marine, Marauder x2, Supply Depot  
  74  6:51  Supply Depot  
  74  6:52  Medivac x2, Marine, Siege Tank  
  87  7:10  SCV  
  87  7:11  SCV  
  87  7:13  Marauder x2, Marine  
  87  7:14  Marine x5  
  97  7:22  SCV  
  97  7:28  Siege Tank  
  97  7:29  Medivac  
  100  7:31  Marine x6  
  100  7:34  Marauder, Marine  
  109  7:49  Marine x4, Supply Depot  
  109  7:50  Supply Depot  
  113  7:53  Marauder  
  113  7:54  Stimpack, Combat Shield  
  115  8:00  Siege Tank  
  118  8:10  Medivac x2  
  122  8:18  Supply Depot  
  122  8:19  Supply Depot  
  122  8:27  Marauder  
  122  8:28  Marauder, Marine x5  
  122  8:29  Marine, Terran Infantry Armor Level 1  
  132  8:40  Siege Tank  
  135  8:42  Supply Depot  
  135  8:44  Supply Depot  
  135  8:46  Marine x2  
  137  8:49  Marauder x2  
  141  9:05  Supply Depot  
  141  9:08  Supply Depot  
  141  9:12  Marauder  
  141  9:13  Concussive Shells, Marauder, Marine x6  
  145  9:31  Marine x6  
  145  9:33  Supply Depot  
  145  9:34  Marauder x2  
  155  9:49  Marine x3  
  155  9:50  Siege Tank  
  155  9:51  Medivac, Marine  
  155  9:52  Marine x2  
  166  9:54  Supply Depot  
  166  9:55  Marine, Marauder  
  166  9:57  Supply Depot  
  169  10:07  Marine x2  
  167  10:11  Command Center  
Show
View Real Time Build Order
Export as new Build Order

Lonk Zerg 

Build Orders: Hatch First 

Get SALT Encoding   

  12  0:00  Drone  
  13  0:12  Overlord  
  13  0:16  Drone  
  14  0:31  Drone x2  
  16  0:50  Hatchery  
  16  0:53  Drone  
  17  0:57  Drone  
  17  0:59  Drone  
  18  1:10  Extractor  
  17  1:14  Spawning Pool  
  16  1:24  Drone x2  
  18  1:29  Drone  
  19  2:01  Queen  
  19  2:02  Queen  
  19  2:03  Zergling x6  
  19  2:07  Drone  
  27  2:20  Drone  
  28  2:31  Overlord x3  
  28  2:38  Lair  
  28  2:49  Queen  
  30  3:05  Zergling x8  
  32  3:08  Drone x2  
  33  3:14  Drone x6  
  39  3:25  Evolution Chamber  
  38  3:30  Roach Warren  
  37  3:38  Drone x4  
  41  3:41  Overlord  
  41  3:50  Drone x5  
  41  3:55  Extractor  
  45  3:56  Extractor  
  45  3:57  Zerg Missile Weapons Level 1  
  45  4:02  Drone x2  
  46  4:09  Glial Reconstitution  
  46  4:18  Drone x6  
  46  4:21  Roach  
  54  4:34  Roach x3  
  54  4:35  Overlord  
  54  4:36  Overlord  
  60  4:54  Spine Crawler  
  60  4:59  Roach x7  
  73  5:02  Ravager x2  
  75  5:21  Overlord x2  
  75  5:22  Overlord x3  
  75  5:46  Roach  
  75  5:47  Roach x5  
  87  6:02  Roach x3  
  93  6:10  Roach x4  
  93  6:11  Roach x2  
  103  6:13  Overlord  
  103  6:30  Roach x2  
  107  6:45  Roach x3  
  113  6:50  Ravager x2  
  113  6:52  Overlord x4  
  113  6:53  Overlord x3  
  115  7:09  Queen x2  
  99  7:22  Hatchery  
  75  7:25  Roach x2  
  75  7:26  Roach x4  
  84  7:33  Zerg Missile Weapons Level 2  
  84  7:46  Ravager x5  
  84  7:47  Roach x2  
  93  7:56  Hatchery  
  92  8:08  Hatchery  
  92  8:11  Roach x8  
  107  8:32  Roach x6  
  112  8:57  Spire  
  112  9:02  Queen x2  
  115  9:05  Drone x11  
  70  9:27  Roach x6  
  74  9:32  Drone x3  
  77  9:44  Drone x7  
  84  9:56  Zergling x8  
  88  10:04  Infestation Pit  
  87  10:13  Roach x11  
  109  10:19  Ravager  
Tags
 
Add a new tag
Caveats
  • Supply blocks, unpowered buildings, or Contaminate may cause inaccurate times.
  • Supply counts are checked every 10 seconds.